 Dungeon Crawl Stone Soup version 0.18.1-48-g4cf74bf (webtiles) character file.

148 raph the Grave Robber (level 5, 0/35 HPs)
             Began as a Human Necromancer on July 1, 2016.
             Slain by an orc wizard
             ... wielding a +0 dagger
              (3 damage)
             ... on level 3 of the Dungeon.
             The game lasted 00:05:16 (3316 turns).

raph the Grave Robber (Human Necromancer)           Turns: 3316, Time: 00:05:16

Health: 0/35       AC:  3    Str:  7 (8)  XL:     5   Next: 56%
Magic:  6/9        EV: 12    Int: 14 (17) God:
Gold:   134        SH:  0    Dex: 10 (13) Spells: 4 memorised, 0 levels left

rFire  . . .     SeeInvis .     f - -1 dagger (curse)
rCold  . . .     Gourm    .     a - +0 robe
rNeg   . . .     Faith    .     (no shield)
rPois  .         Spirit   .     (no helmet)
rElec  .         Dismiss  .     (no cloak)
rCorr  .         Reflect  .     (no gloves)
SustAt .         Harm     .     i - +0 pair of boots
MR     .....                    (no amulet)
Stlth  ++........               (no ring)
                                (no ring)

@: not resistant to hostile enchantments, unstealthy
A: no striking features
a: no special abilities


You were on level 3 of the Dungeon.
You were not hungry.

You visited 1 branch of the dungeon, and saw 3 of its levels.

You collected 134 gold pieces.

Inventory:

Hand Weapons
 f - a cursed -1 dagger (weapon)
Armour
 a - a +0 robe (worn)
 i - a +0 pair of boots (worn)
Scrolls
 d - 6 scrolls of teleportation {unknown}
 h - a scroll of identify {unknown}
 j - a scroll of blinking {unknown}
 k - a scroll of remove curse {unknown}
 n - a scroll of random uselessness {unknown}
Potions
 l - a potion of heal wounds {unknown}
Books
 b - a book of Necromancy

   Spells                             Type                      Level
   a - Pain                           Necromancy                   1
   b - Animate Skeleton               Necromancy                   1
   c - Vampiric Draining              Necromancy                   3
   d - Regeneration                   Charms/Necromancy            3
   e - Animate Dead                   Necromancy                   4
   f - Control Undead                 Necromancy                   4
Comestibles
 c - 4 bread rations
 g - 5 fruits


   Skills:
 - Level 2.0 Dodging
 - Level 2.0 Stealth
 - Level 2.7 Spellcasting
 + Level 1.7 Charms
 * Level 5.6 Necromancy


You couldn't memorise any spells.
You knew the following spells:

 Your Spells              Type           Power        Failure   Level  Hunger
a - Pain                  Necr           ###.         2%          1    #......
b - Animate Skeleton      Necr           N/A          2%          1    #......
c - Regeneration          Chrm/Necr      ##........   17%         3    ###....
d - Animate Dead          Necr           N/A          24%         4    #####..


Dungeon Overview and Level Annotations

Branches:
Dungeon (3/15)

Altars:
Trog
Xom

Annotations:
D:2 Terence


Message History

The orc priest calls upon Beogh to heal the orc wizard.
The orc wizard's wounds heal themselves!
Casting: Pain
Confirm with . or Enter, or press ? or * to list all spells.
Aiming: Pain
Press: ? - help, Shift-Dir - straight line, f/p - orc wizard
Aim: an orc wizard, wielding a dagger and wearing a robe (chance to defeat MR: 76%)
The orc wizard convulses in agony!
The orc priest calls upon Beogh to heal the orc wizard.
The orc wizard's wounds heal themselves!
The orc wizard casts a spell at you. You resist with some effort.
All of the chunks of flesh in your inventory have rotted away.
Casting: Pain
Confirm with . or Enter, or press ? or * to list all spells.
Aiming: Pain
Press: ? - help, Shift-Dir - straight line, f/p - orc wizard
Aim: an orc wizard, wielding a dagger and wearing a robe (chance to defeat MR: 76%)
The orc wizard convulses in agony!
The orc wizard hits you with a dagger.
You die... #. #.##.# #.# #. #.##.# #.# .#####.####.##.###########.# ........o...............##.# .#####.####o##.####........# #. #o##.# #.###.#..# .. #.##.# #.#....... ooo

#o##.####.#.#.....
...o
#@##........#..#..
..o..
#.###.......#....#
...... #.#
#.###.#.#.#..# #.#
#.# #.#.#+#..# ..#
#.# # ........ ###
#.#####.......
#...........#.
#######.....#.
#...'.....##


You could see an orc priest, an orc wizard and an orc.

Vanquished Creatures
  Jessica (D:3)
  Natasha (D:2)
  A gnoll (D:1)
  5 adders (D:2)
  2 worms (D:2)
  A giant cockroach (D:2)
  2 goblins (D:1)
  5 hobgoblins (D:1)
  A quokka (D:3)
  2 ball pythons (D:1)
  2 bats (D:1)
  4 giant newts
  5 kobolds
  8 rats
40 creatures vanquished.

Vanquished Creatures (collateral kills)
  An ooze (D:1)
  A giant cockroach (D:1)
2 creatures vanquished.

Grand Total: 42 creatures vanquished

Notes
Turn   | Place    | Note
--------------------------------------------------------------
     0 | D:1      | raph the Human Necromancer began the quest for the Orb.
     0 | D:1      | Reached XP level 1. HP: 13/13 MP: 3/3
   315 | D:1      | Reached XP level 2. HP: 18/19 MP: 0/5
   573 | D:1      | Learned a level 1 spell: Animate Skeleton
  1168 | D:1      | Reached XP level 3. HP: 20/24 MP: 2/6
  1982 | D:2      | Reached XP level 4. HP: 23/30 MP: 1/8
  2143 | D:2      | Learned a level 3 spell: Regeneration
  2149 | D:2      | Reached skill level 5 in Necromancy
  2195 | D:2      | Found a shimmering altar of Xom.
  2197 | D:2      | Noticed Terence
  2516 | D:2      | Reached skill level 1 in Charms
  2720 | D:2      | Found a bloodstained altar of Trog.
  2943 | D:2      | Noticed Natasha
  2949 | D:2      | Killed Natasha
  2949 | D:2      | Reached XP level 5. HP: 27/35 MP: 4/9
  3110 | D:3      | Learned a level 4 spell: Animate Dead
  3129 | D:3      | Noticed Jessica
  3133 | D:3      | Killed Jessica
  3316 | D:3      | Slain by an orc wizard

Skill      XL: |  1  2  3  4 |
---------------+-------------+-----
Necromancy     | 5 |  5.6
Charms         | 1 |  1.7
Dodging        | |  2.0
Stealth        | |  2.0
Spellcasting   | |  2.7

Action                   |  1- 3 |  4- 6 || total
-------------------------+-------+-------++-------
Melee: Unarmed           |     6 |       ||     6
       Dagger            |     6 |     3 ||     9
 Cast: Pain              |    59 |    48 ||   107
       Animate Skeleton  |     9 |     7 ||    16
  Use: Potion            |       |     1 ||     1
  Eat: Chunk             |     3 |     5 ||     8
Armor: Robe              |     2 |     3 ||     5
Dodge: Dodged            |    19 |     9 ||    28
